[Event "*** Titled Tuesday Blitz"]
[Site "Chess.com"]
[Date "2018.06.05"]
[Round "1"]
[White "sergeikim"]
[Black "AlexanderL"]
[Result "0-1"]
[WhiteElo "2372"]
[BlackElo "2717"]
[TimeControl "180+2"]
[EndTime "13:07:43 PDT"]
[Termination "AlexanderL won by resignation"]

1. d4 e6 2. c4 Nf6 3. Nc3 Bb4 4. Qc2 b6 5. a3 Bxc3+ 6. Qxc3 Bb7 7. Nf3 d6 8. g3 Nbd7 9. Bg2 O-O 10. O-O c5 11. b3 cxd4 12. Qxd4 Nc5 13. Rb1 Qe7 14. Bg5 Nce4 15. Rfd1 Nxg5 16. Nxg5 Bxg2 17. Kxg2 d5 18. cxd5 Nxd5 19. Ne4 Qxa3 20. b4 Qa4 21. b5 Qxd4 22.
Rxd4 Rfd8 23. e3 Rac8 24. Ra1 Rd7 25. Rda4 Rcc7 26. h4 h6 27. R4a3 Kf8 28. h5 Ke7 29.
g4 Nb4 30. Rc3 Rxc3 31. Nxc3 Nd3 32. Ne4 Rc7 33. Ra3 Ne5 34. Kg3 Nxg4 35. Kxg4 f5+ 36.
Kf4 fxe4 37. Kxe4 Kf6 38. f4 Rc5 39. Rxa7 Rxh5 40. Ra8 Rxb5 41. Rf8+ Ke7 42. Rg8 Kf7 43. Ra8 h5 44. Rh8 g6 45. Kf3 e5 46. Rb8 exf4 47. exf4 Rb4 48. Rb7+ Kf6 49. Rb8 b5 50. Rf8+ Kg7 51.
Rb8 Rb1 52. Ke4 h4 53. Rb7+ Kf6 54. Rb6+ Kg7 55. Rb7+ Kh6 56. Rb6 Kh5 57. Rb8 Kg4 58. Rb6 Re1+ 59. Kd3 Kf5 60. Rxb5+ Kxf4 61. Kd2 Re5 0-1

[Event "*** Titled Tuesday Blitz"]
[Site "Chess.com"]
[Date "2018.06.05"]
[Round "1"]
[White "Morshynska"]
[Black "grzechu96"]
[Result "0-1"]
[WhiteElo "2140"]
[BlackElo "2485"]
[TimeControl "180+2"]
[EndTime "13:07:43 PDT"]
[Termination "grzechu96 won by resignation"]

1. d4 d5 2. c4 c6 3. Nf3 Nf6 4. e3 Bg4 5. h3 Bh5 6. Nbd2 e6 7. Be2 Nbd7 8. Ne5 Bxe2 9. Qxe2 Nxe5 10. dxe5 Nd7 11.
f4 Be7 12. O-O O-O 13. Nf3 Nc5 14. Rd1 Qb6 15. Kh2 Rad8 16. b3 dxc4 17. Rxd8 Rxd8 18. Qxc4 Nd3 19. Bd2 Bc5 20. Ng5 Bxe3 21. Bxe3 Qxe3 22.
Rf1 Rd4 23. Qc3 Rxf4 24. Nf3 Qe2 25. Qa5 h6 26. Qd8+ Kh7 27. Ng5+ hxg5 28. Qxg5 Qxf1 29. Qh5+ Kg8 30. Qg5 Ne1 0-1

[Event "*** Titled Tuesday Blitz"]
[Site "Chess.com"]
[Date "2018.06.05"]
[Round "1"]
[White "Shivagami"]
[Black "kungmongmanh"]
[Result "1-0"]
[WhiteElo "2072"]
[BlackElo "2375"]
[TimeControl "180+2"]
[EndTime "13:07:44 PDT"]
[Termination "Shivagami won on time"]

1. d4 Nf6 2. Bf4 c5 3. e3 Qb6 4. Nc3 cxd4 5. exd4 d6 6. a3 a6 7. Nf3 Bf5 8. Rb1 Nbd7 9. Bd3 Bxd3 10. Qxd3 d5 11.
O-O e6 12. Ne5 Be7 13. Nd1 Nxe5 14. dxe5 Nd7 15. Be3 Qc7 16. f4 Bc5 17. c3 g6 18.
Kh1 Rc8 19. Nf2 Bxe3 20. Qxe3 Qc5 21. Qd2 h5 22. Nd3 Qc4 23. Rbd1 Qb5 24. Nc1 Nc5 25. Ne2 Ne4 26. Qc2 Qb6 27. Nd4 h4 28. Qa4+ Kf8 29. Qd7 1-0

[Event "*** Titled Tuesday Blitz"]
[Site "Chess.com"]
[Date "2018.06.05"]
[Round "1"]
[White "pKiLz5Rn9b"]
[Black "Martins-BR"]
[Result "1-0"]
[WhiteElo "2626"]
[BlackElo "2301"]
[TimeControl "180+2"]
[EndTime "13:07:45 PDT"]
[Termination "pKiLz5Rn9b won by resignation"]

1. b3 Nf6 2. Bb2 g6 3. Nf3 Bg7 4. g3 d6 5. d4 O-O 6. Bg2 a5 7. c4 Nc6 8. d5 Nb8 9. O-O e5 10. dxe6 fxe6 11. Nc3 Nc6 12. Qd2 Qe7 13. Rad1 e5 14.
Ng5 h6 15. Nd5 Nxd5 16. Bxd5+ Kh8 17. Ne4 Bh3 18. Rfe1 g5 19. f3 Be6 20. Kg2 Rf7 21.
Nf2 Raf8 22. Bc3 Nd4 23. Bxd4 Bxd5 24. cxd5 exd4 25. Qxa5 b6 26. Qd2 Qe5 27. Rh1 Qxd5 28. h4 Kg8 29. hxg5 hxg5 30. Qd3 Qf5 31. Rc1 c5 32.
Ne4 Be5 33. Rh5 Rg7 34. Rch1 Kf7 35. Nxd6+ 1-0

[Event "*** Titled Tuesday Blitz"]
[Site "Chess.com"]
[Date "2018.06.05"]
[Round "1"]
[White "Shant_Sargsyan"]
[Black "rezacz"]
[Result "1-0"]
[WhiteElo "2902"]
[BlackElo "2424"]
[TimeControl "180+2"]
[EndTime "13:07:47 PDT"]
[Termination "Shant_Sargsyan won by resignation"]

1. d4 Nf6 2. Nf3 e6 3. c4 d5 4. g3 Be7 5. Bg2 O-O 6. Nc3 dxc4 7. Ne5 Qd6 8. O-O Rd8 9. a4 c5 10. Nb5 Qb6 11. Nxc4 Qa6 12. b3 Ne8 13. Ba3 Nc6 14.
e3 cxd4 15. Bxe7 Nxe7 16. Nxd4 Nf5 17. Qd2 Nf6 18. Rfd1 Nxd4 19. exd4 Bd7 20. Ne5 Be8 21. Rac1 Rac8 22. h4 h6 23. Qb4 b6 24. Qe7 Qa5 25. Nc4 Qf5 26. Nd6 Qg4 27. Nxc8 Rxc8 28. Rxc8 Qxd1+ 29. Bf1 Qxd4 30. Rxe8+ Nxe8 31. Qxe8+ Kh7 32. Qxf7 e5 33. Qc4 Qd6 34. Qe4+ Kg8 35. Bc4+ Kh8 36. Qd5 Qf8 37. Qxe5 a5 38. Qe4 Qf6 39. Bd3 Kg8 40.
Qe8+ Qf8 41. Bc4+ Kh7 42. Qxf8 1-0

[Event "*** Titled Tuesday Blitz"]
[Site "Chess.com"]
[Date "2018.06.05"]
[Round "1"]
[White "bait_or_mate"]
[Black "Firouzja2003"]
[Result "0-1"]
[WhiteElo "2425"]
[BlackElo "2947"]
[TimeControl "180+2"]
[EndTime "13:07:48 PDT"]
[Termination "Firouzja2003 won by resignation"]

1. d4 Nf6 2. c4 g6 3. Nc3 Bg7 4. e4 d6 5. Nf3 O-O 6. Be2 e5 7. O-O Nbd7 8. Re1 exd4 9. Nxd4 Re8 10. Bf1 c6 11. f3 Nh5 12. Be3 Ne5 13. Qd2 a6 14. Rad1 b5 15. cxb5 axb5 16. b3 b4 17. Na4 Bd7 18. h3 Bxh3 19. f4 Bg4 20. fxe5 Bxd1 21.
Rxd1 Bxe5 22. Nxc6 Qh4 23. Nxe5 Ng3 24. Bd3 Rxe5 25.
Bf4 Nxe4 26. Bxe4 Rxe4 27. Bxd6 Rae8 28. Rf1 Rd4 29. g3 Rxd2 30. gxh4 Rxd6 31. Rf4 Rd2 0-1

[Event "*** Titled Tuesday Blitz"]
[Site "Chess.com"]
[Date "2018.06.05"]
[Round "1"]
[White "nurmiTV"]
[Black "talento10"]
[Result "1-0"]
[WhiteElo "2502"]
[BlackElo "2168"]
[TimeControl "180+2"]
[EndTime "13:07:52 PDT"]
[Termination "nurmiTV won by resignation"]

1. c4 Nf6 2. Nc3 g6 3. g3 Bg7 4. Bg2 c5 5. Nf3 O-O 6. O-O Nc6 7. d3 a6 8. a3 e6 9. Rb1 d5 10. cxd5 Nxd5 11. Nxd5 exd5 12. b4 cxb4 13. axb4 Qe7 14. Bg5 Qd6 15. Qd2 b5 16. Be3 Re8 17. Bc5 Qd8 18.
Rfe1 Bg4 19. Qf4 Bf5 20. e4 dxe4 21. dxe4 Be6 22. Red1 Qf6 23. Ng5 Qxf4 24. gxf4 Bc4 25. e5 Rac8 26. Ne4 Nxe5 27. fxe5 Bxe5 28. Nd6 Bxd6 29. Rxd6 Re5 30. Rxa6 Rce8 31. Be3 f5 32. Ra8 Rxa8 33. Bxa8 Re8 34. Bf3 Kg7 35. Rd1 Re7 36. Rd6 h6 37. h4 Rf7 38. Rb6 f4 39. Bd4+ Kh7 40. Rb8 g5 1-0

[Event "*** Titled Tuesday Blitz"]
[Site "Chess.com"]
[Date "2018.06.05"]
[Round "1"]
[White "petrpalachev"]
[Black "Angulo07"]
[Result "1-0"]
[WhiteElo "2694"]
[BlackElo "2352"]
[TimeControl "180+2"]
[EndTime "13:07:54 PDT"]
[Termination "petrpalachev won by checkmate"]

1. d4 d5 2. c4 c6 3. Nf3 Nf6 4. Nc3 dxc4 5. a4 Qa5 6. Bd2 Qf5 7. Ne5 c5 8. Nb5 cxd4 9. Nxc4 Na6 10. Nxd4 Qd7 11.
e3 Nc7 12. a5 e6 13. Be2 Bc5 14. Nb3 Be7 15. O-O O-O 16. Qc2 Ncd5 17. Rac1 h6 18. e4 Nb4 19. Qb1 Re8 20. Rfd1 Qa4 21. Nd4 Rd8 22. e5 Rxd4 23. exf6 Bxf6 24. Bc3 Rxd1+ 25.
Rxd1 Bd7 26. Bxf6 gxf6 27. Rd4 Rc8 28. Qe1 e5 29. Rh4 Nc2 30. Qc1 Nd4 31. Bf1 Nf5 32.
Rh3 Kf8 33. g4 Nd4 34. b3 Qa2 35. Qxh6+ Ke7 36. g5 Bxh3 37. Qxf6+ Kf8 38. Qh8+ Ke7 39. Qf6+ Kf8 40. Nxe5 Ne2+ 41. Kh1 Rc7 42. Ng6+ Ke8 43. Qh8+ Kd7 44. Bxh3+ Kc6 45. Qe8+ Kc5 46. Qe5+ Kc6 47. Bg2+ Kd7 48. Qe7+ Kc8 49. Qe8# 1-0

[Event "*** Titled Tuesday Blitz"]
[Site "Chess.com"]
[Date "2018.06.05"]
[Round "1"]
[White "matiss90"]
[Black "ChessWarrior7197"]
[Result "0-1"]
[WhiteElo "2354"]
[BlackElo "2689"]
[TimeControl "180+2"]
[EndTime "13:07:56 PDT"]
[Termination "ChessWarrior7197 won by resignation"]

1. e4 e5 2. Nf3 Nc6 3. Bb5 a6 4. Ba4 Nf6 5. O-O Be7 6. d3 b5 7. Bb3 d6 8. c3 O-O 9. Re1 Na5 10. Bc2 c5 11. Nbd2 Nc6 12. Nf1 Re8 13. Ne3 Bf8 14. a4 Bb7 15. h3 b4 16. Nh2 bxc3 17. bxc3 g6 18. Nhg4 Bg7 19. Rb1 Rb8 20. Qf3 Nxg4 21. hxg4 Ne7 22. Bb3 Rf8 23. g3 Bc6 24. Bd2 Qd7 25.
Kg2 Rb7 26. g5 Kh8 27. Rh1 f5 28. gxf6 Bxf6 29. Ng4 Nf5 30. Bh6 Bg7 31. Bg5 Nh4+ 32. Rxh4 Rxf3 33. Kxf3 Qf5+ 34. Kg2 Qxg5 35. Rxh7+ Kxh7 36. Rh1+ Bh6 37. Nxh6 Qxh6 0-1

[Event "*** Titled Tuesday Blitz"]
[Site "Chess.com"]
[Date "2018.06.05"]
[Round "1"]
[White "ChEsper99"]
[Black "chessking2151"]
[Result "0-1"]
[WhiteElo "1902"]
[BlackElo "2434"]
[TimeControl "180+2"]
[EndTime "13:07:56 PDT"]
[Termination "chessking2151 won on time"]

1. e4 c5 2. c3 Nf6 3. e5 Nd5 4. d4 cxd4 5. cxd4 d6 6. Nf3 Nc6 7. Bc4 dxe5 8. dxe5 e6 9. O-O Be7 10.
Qe2 Nb6 11. Bb3 O-O 12. Nc3 Qc7 13. Bf4 Na5 14. Bc2 Nac4 15. Ne4 Nd5 16. Bg3 b5 17.
Neg5 g6 18. h4 Ba6 19. h5 Nxb2 20. hxg6 hxg6 21. Qe4 Qc4 22. Nd4 Bxg5 23. Bb3 Qd3 24.
Qg4 Bh6 25. Rab1 Nc4 26. Rfd1 Qc3 27. Rbc1 Qb4 28. Rd3 Bxc1 29. Nxe6 Qe1+ 30. Kh2 Bf4 0-1

[Event "*** Titled Tuesday Blitz"]
[Site "Chess.com"]
[Date "2018.06.05"]
[Round "1"]
[White "Arash-Tiger"]
[Black "alpasya2009"]
[Result "1-0"]
[WhiteElo "2792"]
[BlackElo "2406"]
[TimeControl "180+2"]
[EndTime "13:07:59 PDT"]
[Termination "Arash-Tiger won on time"]

1. e4 d6 2. d4 Nf6 3. Nc3 e5 4. Nf3 Nbd7 5. Bc4 Be7 6. O-O O-O 7. a4 c6 8. a5 Rb8 9. Qe2 b5 10. axb6 axb6 11. d5 cxd5 12. Nxd5 Nxd5 13. Bxd5 b5 14. Rd1 Nf6 15. Bb3 Qc7 16. Bg5 Be6 17. Nh4 Rfc8 18. Nf5 Bxf5 19. exf5 h6 20. Bxf6 Bxf6 21. Ra6 Rb6 22.
Rxb6 Qxb6 23. g3 Qc6 24. Rd5 e4 25. Qxe4 Bxb2 26. Qd3 Be5 27. Rxb5 Qa6 28. Qd5 Rc7 29. Kg2 Qc8 30. g4 h5 31. Ra5 Qd7 32. Ra8+ Kh7 33.
Rf8 hxg4 34. Qe4 Bf6 35. Qxg4 g6 36. Rxf7+ Qxf7 37. Bxf7 1-0

[Event "*** Titled Tuesday Blitz"]
[Site "Chess.com"]
[Date "2018.06.05"]
[Round "1"]
[White "W_Amadeus"]
[Black "kikoveiga"]
[Result "1-0"]
[WhiteElo "2504"]
[BlackElo "2170"]
[TimeControl "180+2"]
[EndTime "13:08:00 PDT"]
[Termination "W_Amadeus won by resignation"]

1. d4 Nf6 2. c3 g6 3. Nf3 Bg7 4. Bf4 O-O 5. h3 d6 6. Nbd2 c5 7. e3 a6 8. Be2 Nbd7 9. O-O b6 10. Bh2 Bb7 11. a4 Ra7 12. Re1 Qa8 13. Bd3 Ne4 14. Qb3 Nxd2 15. Nxd2 Bxg2 16. h4 Nf6 17.
f3 Bh3 18. Ne4 c4 19. Qxc4 d5 20. Nxf6+ Bxf6 21. Qb3 Bxh4 22. Re2 b5 23. Bf4 Bd7 24. a5 Qc6 25. Rh2 Bf6 26. Kf2 h5 27. Rg1 Bg7 28.
Qc2 Re8 29. Bxg6 fxg6 30. Rxg6 e5 31. Rxc6 Bxc6 32. dxe5 Rf7 33. Qg6 Bb7 34. e6 Rf6 35.
Qxe8+ 1-0

[Event "*** Titled Tuesday Blitz"]
[Site "Chess.com"]
[Date "2018.06.05"]
[Round "1"]
[White "aa175"]
[Black "chessdude"]
[Result "0-1"]
[WhiteElo "1859"]
[BlackElo "2432"]
[TimeControl "180+2"]
[EndTime "13:08:00 PDT"]
[Termination "chessdude won by checkmate"]

1. e4 c6 2. d4 d5 3. e5 Bf5 4.
Nf3 e6 5. Nbd2 Ne7 6. c3 Nd7 7. Be2 h6 8. Nf1 Qc7 9. Ng3 Bh7 10. h4 Nf5 11. Nxf5 Bxf5 12. Bf4 Be7 13. Qd2 c5 14. Bd3 Bxd3 15. Qxd3 Nb6 16. Nd2 Rc8 17. a4 O-O 18.
a5 Nd7 19. g4 cxd4 20. cxd4 Qc2 21. Qxc2 Rxc2 22. b3 f6 23. exf6 Bxf6 24. Be3 e5 25. g5 exd4 26. gxf6 dxe3 27. fxe3 Nxf6 28. Kd1 Rc7 29.
Rc1 Re7 30. Ke2 Ng4 31. Rh3 Rf2+ 32. Kd3 Rg2 33. Rc8+ Kh7 34. h5 Nf2+ 35. Kd4 Nxh3 36. Kxd5 Rxd2+ 37. Kc5 Rc2+ 38. Kb5 Rxc8 39. a6 bxa6+ 40.
Ka5 Rb8 41. e4 Re5+ 42. Kxa6 Rxe4 43. b4 Rexb4 44. Ka5 R8b5+ 45. Ka6 Nf4 46. Kxa7 Ra4# 0-1

[Event "*** Titled Tuesday Blitz"]
[Site "Chess.com"]
[Date "2018.06.05"]
[Round "1"]
[White "GMBenjaminBok"]
[Black "amiralfio"]
[Result "1-0"]
[WhiteElo "2572"]
[BlackElo "2263"]
[TimeControl "180+2"]
[EndTime "13:08:04 PDT"]
[Termination "GMBenjaminBok won on time"]

1. c4 Nf6 2. Nc3 e6 3. e4 d5 4.
cxd5 exd5 5. e5 d4 6. exf6 dxc3 7. Bb5+ c6 8. Bc4 Qxf6 9. dxc3 Bc5 10. Qe2+ Be6 11. Bxe6 Qxe6 12. Qxe6+ fxe6 13. Nf3 Nd7 14. Ke2 O-O-O 15. Be3 Bxe3 16. Kxe3 Nc5 17. Rhd1 Kc7 18. b3 a5 19. h4 b5 20. Rd4 Rd5 21. c4 Rxd4 22.
Kxd4 Kb6 23. cxb5 cxb5 24. Ke3 Rd8 25. Rc1 Rd3+ 26. Ke2 Rd5 27. Rc3 b4 28. Rc4 e5 29.
Nd2 Kb5 30. g3 Ne6 31. Ke3 a4 32. bxa4+ Kxa4 33. Rc8 Ra5 34. Nc4 Ra6 35. Nxe5 Ka3 36. Rc2 Ra8 37. Nc4+ Ka4 38. Nb6+ 1-0

[Event "*** Titled Tuesday Blitz"]
[Site "Chess.com"]
[Date "2018.06.05"]
[Round "1"]
[White "tigra"]
[Black "florianschwabeneder"]
[Result "1-0"]
[WhiteElo "2720"]
[BlackElo "2372"]
[TimeControl "180+2"]
[EndTime "13:08:05 PDT"]
[Termination "tigra won by checkmate"]

1. e4 c5 2. Nf3 d6 3. d4 cxd4 4. Nxd4 Nf6 5. Nc3 Nc6 6. Bg5 e6 7. Qd2 a6 8. O-O-O Bd7 9. f3 Be7 10. g4 Qc7 11. Kb1 Rc8 12. h4 O-O 13. Be3 Ne5 14.
h5 b5 15. a3 Qb7 16. g5 Ne8 17. g6 Bf6 18. gxh7+ Kh8 19. h6 g6 20. Bg5 Bc6 21. Be2 Qe7 22. f4 Bxg5 23. fxg5 Bb7 24. Nb3 Kxh7 25.
Qe3 Bc6 26. Qb6 Qb7 27. Qd4 Qc7 28. Rh2 Rb8 29. Rf2 a5 30. Na2 a4 31. Nd2 Qe7 32.
Qe3 Qb7 33. Nb4 Bd7 34. Rdf1 Qc7 35. Qd4 Bc8 36. Nf3 Nxf3 37. Rxf3 e5 38. Qd5 Be6 39.
Qxe6 fxe6 40. Rxf8 Rb7 41. Rxe8 Qc5 42. Rff8 Qg1+ 43.
Ka2 Qxg5 44. Rh8# 1-0

[Event "*** Titled Tuesday Blitz"]
[Site "Chess.com"]
[Date "2018.06.05"]
[Round "1"]
[White "GasconJR"]
[Black "Durarbayli"]
[Result "0-1"]
[WhiteElo "2340"]
[BlackElo "2671"]
[TimeControl "180+2"]
[EndTime "13:08:07 PDT"]
[Termination "Durarbayli won by resignation"]

1. e4 c5 2. Nf3 a6 3. c3 d5 4.
exd5 Qxd5 5. d4 Nf6 6. Bd3 Bg4 7.
Be2 e6 8. O-O Nc6 9. Be3 cxd4 10. cxd4 Be7 11. Nc3 Qa5 12. h3 Bh5 13. a3 O-O 14. Qb3 Qc7 15. Rac1 Rfd8 16. Rfd1 Nd5 17. Ne4 Rac8 18. Nc5 Na5 19. Qa4 b5 20. Qc2 Qb6 21.
Bg5 Bg6 22. Qd2 Nc6 23. Bxe7 Ndxe7 24. b4 Rd5 25. Qb2 Rcd8 26. Rd2 Nf5 27. Rcd1 h6 28. Kh2 Nd6 29. Kg1 Ne4 30. Rd3 Nd6 31. R3d2 Bh5 32.
Ne5 Bxe2 33. Rxe2 Nxe5 34. Rxe5 Nc4 35. Rxd5 Nxb2 0-1

[Event "*** Titled Tuesday Blitz"]
[Site "Chess.com"]
[Date "2018.06.05"]
[Round "1"]
[White "1stSecond"]
[Black "dcremisi"]
[Result "1-0"]
[WhiteElo "2599"]
[BlackElo "2285"]
[TimeControl "180+2"]
[EndTime "13:08:08 PDT"]
[Termination "1stSecond won by resignation"]

1. d4 d5 2. c4 e6 3. Nf3 c6 4. Nc3 dxc4 5. e4 b5 6. a4 Bb4 7. Bd2 Bb7 8. b3 Nf6 9. bxc4 Bxc3 10.
Bxc3 Nxe4 11. Bd2 bxc4 12. Bxc4 Nxd2 13. Qxd2 Nd7 14. Rb1 Qc7 15. O-O O-O 16. Rfc1 c5 17.
Bb5 Bxf3 18. gxf3 a6 19. Bxd7 Qxd7 20. Rxc5 Qxa4 21. Re1 Rfd8 22. Re4 Rab8 23. Kg2 Qa1 24. Ra5 Qb2 25. Qf4 Qb6 26. Rg5 f5 27. Qe5 g6 28.
Rh4 h5 29. Rxg6+ Kf8 30. Qf6+ Ke8 31. Rg7 Rb7 32. Rg6 Kd7 33. Rxh5 Kc8 34. Rh8 Qxd4 35. Qxd4 1-0

[Event "*** Titled Tuesday Blitz"]
[Site "Chess.com"]
[Date "2018.06.05"]
[Round "1"]
[White "nabukatnezarr"]
[Black "Dedic8"]
[Result "0-1"]
[WhiteElo "2318"]
[BlackElo "2642"]
[TimeControl "180+2"]
[EndTime "13:08:11 PDT"]
[Termination "Dedic8 won by resignation"]

1. Nf3 Nf6 2. g3 e6 3. Bg2 d5 4. O-O Be7 5. d3 O-O 6. Nbd2 c5 7. e4 Nc6 8. Re1 b5 9. exd5 exd5 10. Nb3 Be6 11. Bg5 Qb6 12. d4 c4 13. Nc5 Bxc5 14. dxc5 Qxc5 15. Bxf6 gxf6 16. Nh4 Qd4 17. Qh5 Rad8 18.
Rad1 Bg4 19. Rxd4 Bxh5 20. Rxd5 Rxd5 21. Bxd5 Nb4 22. Be4 Bg6 23. Nf5 Re8 24. g4 Nxc2 25. Re2 Bxf5 26. gxf5 Nd4 27. Re3 b4 28. Kg2 Re5 29.
f4 Rc5 30. Rg3+ Kf8 31. a3 c3 32. axb4 c2 33. bxc5 c1=Q 34. c6 Qxf4 35. Bd5 Qxf5 0-1

[Event "*** Titled Tuesday Blitz"]
[Site "Chess.com"]
[Date "2018.06.05"]
[Round "1"]
[White "StoreySniper"]
[Black "GrigorGrigorov"]
[Result "0-1"]
[WhiteElo "2349"]
[BlackElo "2681"]
[TimeControl "180+2"]
[EndTime "13:08:12 PDT"]
[Termination "GrigorGrigorov won by resignation"]

1. e4 e6 2. d4 d5 3. Nc3 Bb4 4.
e5 b6 5. Bd2 Ba6 6. Bxa6 Nxa6 7. a3 Bf8 8. Qe2 Nb8 9. f4 h5 10. Nf3 Nh6 11. Nd1 c5 12. c3 Nf5 13. Ne3 g6 14.
Nxf5 gxf5 15. O-O-O c4 16. Be1 Be7 17. Bf2 Nc6 18. Qe1 b5 19. Bh4 a5 20. Bxe7 Qxe7 21.
Kd2 b4 22. Ra1 Kd7 23. Ke3 bxc3 24. bxc3 Rab8 25. Qc1 a4 26. Qd1 Rb3 27. Qc1 Rhb8 28. Nd2 Rb2 29. Qd1 R8b3 30. Nxb3 axb3 31. Qxh5 Rc2 32.
Rac1 Rxc1 33. Rxc1 Qxa3 34. Qxf7+ Ne7 35. Rg1 b2 36.
Kd2 Qa2 37. Ke3 b1=Q 38. Rxb1 Qxb1 39. h4 Qd3+ 40. Kf2 Qxc3 41. h5 Qxd4+ 42. Kg3 Qe3+ 43.
Kh2 Qxf4+ 44. Kh3 c3 45. h6 0-1

[Event "*** Titled Tuesday Blitz"]
[Site "Chess.com"]
[Date "2018.06.05"]
[Round "1"]
[White "Nyzhnyk_Illia"]
[Black "andrewtnb"]
[Result "1-0"]
[WhiteElo "2717"]
[BlackElo "2371"]
[TimeControl "180+2"]
[EndTime "13:08:16 PDT"]
[Termination "Nyzhnyk_Illia won by resignation"]

1. Nf3 d5 2. g3 Nf6 3. Bg2 c6 4.
O-O Bg4 5. b3 e6 6. Bb2 Be7 7.
d3 O-O 8. c4 Nbd7 9. Nbd2 Bh5 10. a3 a5 11. Ra2 b5 12. Qa1 Bxf3 13. Bxf3 bxc4 14. bxc4 Ne8 15. Rc1 Bf6 16. Bxf6 Nexf6 17. Rb2 Rb8 18. Nb3 Qb6 19. Rbb1 Qa7 20. cxd5 cxd5 21.
Qd4 Qa6 22. Nc5 Nxc5 23. Qxc5 Rxb1 24. Rxb1 Rc8 25. Rb6 Rxc5 26. Rxa6 g5 27. h3 Kg7 28. a4 e5 29. e3 e4 30. Be2 exd3 31. Bxd3 Ne4 32.
Kg2 h6 33. Kf3 Nc3 34. Bc2 Na2 35. Bb3 Nc1 36. Bd1 Nd3 37. Ke2 Nb2 38. Bb3 Nc4 39. Bxc4 dxc4 40. Kd2 c3+ 41. Kc2 f5 42. f4 gxf4 43.
gxf4 h5 44. h4 Kh7 45. Re6 Rc4 46. Re5 Rxa4 47. Rxf5 Re4 48. Kd3 Rc4 49. Rxh5+ Kg6 50.
Rg5+ Kf6 51. Kxc4 1-0

[Event "*** Titled Tuesday Blitz"]
[Site "Chess.com"]
[Date "2018.06.05"]
[Round "1"]
[White "SergeiAza"]
[Black "Litti"]
[Result "1-0"]
[WhiteElo "2624"]
[BlackElo "2299"]
[TimeControl "180+2"]
[EndTime "13:08:18 PDT"]
[Termination "SergeiAza won by resignation"]

1. e4 c5 2. Nf3 e6 3. d4 cxd4 4. Nxd4 Nf6 5. Nc3 Nc6 6. Ndb5 Bb4 7. a3 Bxc3+ 8. Nxc3 d5 9. Bd3 dxe4 10. Nxe4 Nxe4 11. Bxe4 Qxd1+ 12. Kxd1 Bd7 13. c3 O-O-O 14. Kc2 f5 15. Bf3 e5 16. Bg5 Rde8 17. Bd2 e4 18. Be2 Ne5 19.
Be3 a6 20. a4 Be6 21. b3 Rhf8 22. g3 Rf7 23. Rhd1 Rd7 24. Rxd7 Bxd7 25. c4 Be6 26. Rd1 g6 27. Kc3 Rd8 28. Rxd8+ Kxd8 29. h4 Kd7 30. b4 Nc6 31. b5 Nd8 32. c5 axb5 33. axb5 Ba2 34. Kb4 Ne6 35. Ka5 Kc8 36. Kb6 Bd5 37.
c6 bxc6 38. bxc6 Nd8 39. Ba6+ 1-0

[Event "*** Titled Tuesday Blitz"]
[Site "Chess.com"]
[Date "2018.06.05"]
[Round "1"]
[White "Man-Chuk"]
[Black "The_Unbeatable_One"]
[Result "0-1"]
[WhiteElo "2606"]
[BlackElo "2577"]
[TimeControl "180+2"]
[EndTime "13:08:20 PDT"]
[Termination "The_Unbeatable_One won by checkmate"]

1. e4 e5 2. Nf3 Nc6 3. Bc4 Bc5 4. c3 Nf6 5. d3 d6 6. a4 a6 7. O-O O-O 8. Bg5 h6 9. Bh4 Bg4 10. h3 Bh5 11. Nbd2 Ba7 12. a5 Qe7 13. b4 g5 14. Bg3 Bg6 15. Qb3 Nh5 16. Kh1 Nd8 17. b5 axb5 18. Qxb5 c6 19. Qb3 Ne6 20. Bxe6 fxe6 21.
Rab1 Rab8 22. Nc4 Nf4 23. Bxf4 Rxf4 24. Ne3 h5 25. Nxg5 Qxg5 26. Qxe6+ Rf7 27. Qxd6 Rbf8 28.
Nf5 Bxf5 29. exf5 Qxf5 30. Rfe1 Bb8 31. Qb4 Rg7 32. Qe4 Qxf2 33. a6 Rf4 34. Qe2 b5 35. Qxf2 Rxf2 36. d4 Rgxg2 37. dxe5 Rh2+ 38. Kg1 Ba7 39. e6 Rfg2+ 40. Kf1 Rg1# 0-1

[Event "*** Titled Tuesday Blitz"]
[Site "Chess.com"]
[Date "2018.06.05"]
[Round "1"]
[White "Doraemon7"]
[Black "HomayoonTofighi"]
[Result "1-0"]
[WhiteElo "2414"]
[BlackElo "2747"]
[TimeControl "180+2"]
[EndTime "13:08:22 PDT"]
[Termination "Doraemon7 won on time"]

1. d4 e6 2. c4 Nf6 3. g3 Bb4+ 4. Bd2 Bxd2+ 5. Qxd2 O-O 6. Bg2 d5 7. Qc2 c5 8. Nf3 cxd4 9. Nxd4 Nc6 10. Nb3 dxc4 11.
Qxc4 e5 12. Nc3 Be6 13. Qb5 Rb8 14. Rd1 Qc7 15. Nd5 Bxd5 16. Bxd5 a6 17. Qc4 Nxd5 18. Rxd5 Rfd8 19. O-O Rxd5 20. Qxd5 Rd8 21. Qc5 h5 22.
Rc1 h4 23. Qc4 hxg3 24. hxg3 Qe7 25. Qe4 Rd6 26. Nc5 Rd4 27. Qe3 Nb4 28. Nb3 Rd8 29. a3 Nc6 30. Qe4 Qg5 31. e3 Rd6 32. Kg2 Qe7 33.
Rh1 g6 34. Qg4 Qe6 35. Qxe6 Rxe6 36. Rd1 Re7 37. Nc5 Na5 38. Rd8+ Kg7 39. b4 1-0

[Event "*** Titled Tuesday Blitz"]
[Site "Chess.com"]
[Date "2018.06.05"]
[Round "1"]
[White "Chiinaldo"]
[Black "GM_Huschenbeth"]
[Result "1-0"]
[WhiteElo "2194"]
[BlackElo "2472"]
[TimeControl "180+2"]
[EndTime "13:08:22 PDT"]
[Termination "Chiinaldo won by resignation"]

1. d4 d5 2. Nf3 Nf6 3. c4 dxc4 4. e3 Bg4 5. Bxc4 e6 6. h3 Bh5 7. Nbd2 Bd6 8. Qb3 O-O 9. Qxb7 Nbd7 10. Qb3 c5 11. O-O cxd4 12. Nxd4 Nc5 13. Qc2 Bg6 14. Qd1 Rc8 15. b3 e5 16. N4f3 Nd3 17. Nh4 Bh5 18. Qc2 e4 19. Nf5 Be5 20. Ba3 Re8 21. Rab1 Be2 22. Nxe4 Bxf1 23. Ned6 Bxd6 24. Nxd6 Qa5 25. Nxe8 Rxe8 26. Rxf1 Qxa3 27. Bxd3 Nd5 28. Bxh7+ Kh8 29.
Bd3 Nb4 30. Qc4 Nxd3 31. Qxd3 Qxa2 32. Qd7 Rf8 33. Qd5 Kg8 34. g3 Rb8 35. Rc1 Qxb3 36. Rc8+ 1-0

[Event "*** Titled Tuesday Blitz"]
[Site "Chess.com"]
[Date "2018.06.05"]
[Round "1"]
[White "SCIM"]
[Black "Keranke"]
[Result "0-1"]
[WhiteElo "2371"]
[BlackElo "2719"]
[TimeControl "180+2"]
[EndTime "13:08:25 PDT"]
[Termination "Keranke won on time"]

1. d4 g6 2. c4 Bg7 3. Nc3 Nf6 4. e4 O-O 5. Bg5 d6 6. f3 c5 7.
d5 e6 8. Qd2 Qb6 9. O-O-O exd5 10. Bxf6 Bxf6 11. Nxd5 Qd8 12. Nxf6+ Qxf6 13. Qxd6 Be6 14.
Ne2 Nc6 15. Qf4 Qg7 16. Nc3 a6 17. h4 b5 18. h5 bxc4 19. hxg6 hxg6 20. Rd2 Rab8 21.
Qe3 Nd4 22. g4 Rfd8 23. Rdh2 Nb5 24. e5 Nxc3 25. Qxc3 Rd4 26. Qe3 Rbd8 27. Be2 R8d5 28. Qg5 Qxe5 29. Qh6 Qf4+ 30. Qxf4 Rxf4 31. Rh8+ Kg7 32.
Ra8 Re5 33. Bd1 Bd5 34. Rxa6 Bxf3 35. Bxf3 Rxf3 36. Rd6 c3 37. b3 Re2 38. g5 Rff2 0-1

[Event "*** Titled Tuesday Blitz"]
[Site "Chess.com"]
[Date "2018.06.05"]
[Round "1"]
[White "MyleneFarmer"]
[Black "AlexTriapishko"]
[Result "1-0"]
[WhiteElo "2392"]
[BlackElo "2706"]
[TimeControl "180+2"]
[EndTime "13:08:26 PDT"]
[Termination "MyleneFarmer won by resignation"]

1. d4 Nf6 2. Nf3 g6 3. g3 Bg7 4.
Bg2 O-O 5. O-O d6 6. c4 Nc6 7. Nc3 a6 8. Bf4 Rb8 9. Rc1 h6 10. h3 g5 11. Be3 g4 12. hxg4 Nxg4 13. Bd2 Nxd4 14. Nxd4 Bxd4 15. Bxh6 Bxc3 16. Bxf8 Bxb2 17. Rb1 Ba1 18. Bxe7 Qxe7 19. Rxa1 Qf6 20. Qd2 Be6 21.
Rac1 b6 22. Qf4 Qg7 23. f3 Ne5 24. g4 f6 25. Kf2 Qf7 26. Rh1 Bxc4 27. g5 fxg5 28.
Qxg5+ Qg7 29. Qxg7+ Kxg7 30. f4 Ng4+ 31. Kg3 Ne3 32.
Be4 d5 33. Bd3 Re8 34. Rh7+ Kf6 35. Rxc7 b5 36. Rc6+ Ke7 37. Rxa6 d4 38. Rh1 Rg8+ 39. Kf2 Ng4+ 40. Ke1 Bxd3 41. exd3 Rg7 42. Rg1 Kf8 43. Ra8+ Kf7 44. Ra7+ Kf6 45. Rxg7 Kxg7 46. Rxg4+ 1-0